Map: Graystone Ravine

Players

Ashaxyn - Winner!

  • Race: Zerg Zerg
  • Spawn Location: 5:00

Gracz - Winner!

  • Race: Zerg Zerg
  • League: Bronze
  • Spawn Location: 3:00

Radeus

  • Race: Terran Terran
  • League: Gold
  • Spawn Location: 9:00

VOD

Have the link to the VOD?

Description

Time

  • Played on: Sept. 5, 2016, 1:40 p.m.
  • Length: 19:48
Show
View Real Time Build Order
Export as new Build Order

Ashaxyn Zerg - Winner!

Build Orders: Pool First 

Get SALT Encoding   

  12  0:01  Drone  
  13  0:08  Drone  
  14  0:17  Overlord  
  14  0:25  Extractor, Drone  
  15  0:39  Spawning Pool  
  15  0:41  Drone  
  15  1:11  Drone  
  16  1:12  Hatchery  
  16  1:14  Extractor  
  14  1:26  Extractor, Drone x2  
  14  1:31  Drone  
  16  1:40  Queen  
  16  1:44  Drone  
  19  1:56  Drone  
  19  2:01  Roach Warren  
  19  2:05  Drone  
  20  2:11  Overlord  
  20  2:45  Roach  
  20  2:46  Roach x2  
  20  2:48  Queen  
  28  2:51  Drone x2  
  28  2:52  Drone  
  28  2:57  Queen  
  33  3:02  Zergling x4  
  34  3:27  Roach  
  34  3:30  Overlord  
  34  3:31  Overlord  
  36  3:38  Extractor  
  36  3:41  Drone  
  36  3:58  Drone x3  
  39  4:04  Zergling x6  
  39  4:07  Metabolic Boost  
  42  4:10  Lair  
  42  4:15  Spore Crawler  
  41  4:22  Roach  
  43  4:51  Spine Crawler  
  42  4:53  Roach x3  
  48  5:21  Spire  
  47  5:22  Overlord  
  47  5:23  Overlord  
  47  5:42  Overlord x2  
  47  5:44  Drone x3  
  50  5:50  Glial Reconstitution  
  50  5:57  Hatchery  
  49  6:07  Pneumatized Carapace  
  49  6:20  Extractor  
  49  6:24  Drone x5  
  49  6:25  Drone  
  54  6:26  Roach  
  54  6:27  Roach  
  58  6:46  Zergling x2  
  59  6:47  Zergling x8  
  59  6:48  Spore Crawler  
  62  7:06  Roach  
  62  7:07  Roach x2  
  68  7:11  Drone x4  
  68  7:12  Drone x2  
  74  7:20  Queen  
  76  7:27  Drone  
  76  7:28  Drone  
  78  7:37  Zergling x8  
  82  7:58  Drone x2  
  84  8:08  Overlord x2  
  84  8:11  Mutalisk x3  
  90  8:26  Extractor  
  89  8:32  Mutalisk  
  89  8:33  Mutalisk x6  
  97  8:59  Spore Crawler  
  97  9:00  Mutalisk x2  
  100  9:11  Drone x3  
  100  9:12  Overlord x3, Drone x3  
  100  9:13  Overlord  
  106  9:35  Mutalisk  
  106  9:36  Mutalisk x3  
  114  9:39  Zergling x2  
  114  9:40  Zergling x8  
  119  10:01  Infestation Pit  
  115  10:14  Queen  
  106  10:21  Roach x10  
  82  11:20  Zergling x12  
  82  11:21  Zergling x10  
  95  11:40  Roach x3  
  95  11:46  Overlord x3  
  99  11:53  Hive  
  99  12:05  Roach  
  99  12:06  Roach x6  
  113  12:34  Zergling x4  
  113  12:35  Zergling x4  
  117  12:43  Hatchery  
  116  12:53  Roach  
  116  12:54  Roach x3  
  124  12:58  Zergling x4  
  124  13:04  Overseer  
  124  13:05  Overseer  
  126  13:06  Overseer  
  126  13:10  Zergling x2  
  127  13:29  Corruptor x2  
  131  14:03  Drone  
  131  14:04  Queen  
  131  14:06  Drone x3  
  137  14:26  Roach x7  
  151  14:32  Overlord  
  151  14:47  Extractor  
  150  15:17  Corruptor x2  
  150  15:18  Corruptor  
  156  15:29  Drone  
  156  15:30  Drone x6  
  163  15:37  Drone x2  
  163  15:40  Overlord  
  165  16:17  Ultralisk Cavern  
  164  16:20  Overlord x3  
  164  16:21  Overlord  
  158  16:32  Spore Crawler  
  88  17:06  Roach  
  88  17:07  Roach x11  
  110  17:16  Zergling x2  
  109  17:29  Ravager  
  112  17:30  Ravager x10  
  112  17:32  Zergling x6  
  112  17:33  Zergling x2  
  120  17:42  Ravager  
  68  18:24  Corruptor  
  68  18:25  Corruptor x2  
  74  19:04  Corruptor x2  
Show
View Real Time Build Order
Export as new Build Order

Gracz Zerg - Winner!

Build Orders: Pool First 

Get SALT Encoding   

  12  0:03  Drone  
  13  0:21  Drone  
  14  0:25  Extractor, Drone  
  15  0:37  Spawning Pool  
  15  0:39  Overlord  
  14  0:58  Drone x2  
  14  1:01  Extractor  
  15  1:30  Drone x2  
  17  1:41  Drone  
  17  1:45  Hatchery  
  17  1:57  Drone  
  18  2:06  Drone  
  18  2:07  Queen  
  21  2:23  Drone  
  22  2:57  Queen  
  24  3:05  Zergling x2  
  25  3:06  Zergling x6  
  28  3:21  Overlord  
  28  3:34  Metabolic Boost  
  28  3:48  Drone x3  
  33  3:50  Drone x3  
  34  4:10  Lair  
  34  4:15  Queen  
  36  4:22  Overlord  
  36  4:23  Overlord  
  36  4:48  Zergling x6  
  36  4:51  Overlord x2  
  39  5:11  Hydralisk Den  
  38  5:23  Zergling x6  
  38  5:24  Queen x2  
  45  5:32  Infestation Pit  
  44  5:47  Drone x3  
  47  5:51  Extractor x2, Drone x2  
  47  5:52  Drone x3  
  50  6:00  Zergling x4  
  50  6:02  Lurker Den  
  52  6:31  Drone x3  
  55  6:42  Roach Warren  
  55  6:45  Evolution Chamber  
  55  6:46  Drone x2  
  55  6:47  Evolution Chamber, Drone x2  
  56  7:02  Hydralisk x3  
  62  7:11  Drone x2  
  62  7:12  Drone  
  65  7:44  Hydralisk  
  65  7:46  Overlord x3  
  65  7:48  Hive  
  67  8:06  Roach x3  
  73  8:53  Drone x3  
  76  9:03  Spire  
  76  9:08  Ultralisk Cavern  
  74  9:13  Zergling x6  
  77  9:49  Zergling x6  
  77  9:51  Roach x2  
  84  10:19  Greater Spire  
  84  10:20  Adrenal Glands  
  84  11:01  Chitinous Plating  
  84  11:06  Corruptor  
  84  11:07  Corruptor x3  
  84  11:09  Overlord x2  
  92  11:38  Corruptor x5  
  102  11:46  Corruptor x2  
  106  12:17  Brood Lord, Overlord x2  
  106  12:18  Overlord x3  
  106  12:21  Hatchery  
  107  12:39  Hatchery  
  106  12:50  Corruptor x3  
  112  12:51  Ultralisk  
  112  12:52  Ultralisk x2  
  130  13:40  Brood Lord  
  130  13:41  Brood Lord  
  134  13:50  Drone x2  
  134  13:51  Drone  
  137  14:25  Extractor  
  137  14:27  Extractor  
  137  14:28  Brood Lord x2  
  137  14:29  Overlord x3  
  139  14:34  Zergling x6  
  142  14:48  Zerg Melee Weapons Level 1  
  142  14:54  Extractor  
  142  14:55  Extractor  
  140  15:06  Brood Lord  
  142  15:08  Overlord x2  
  142  15:22  Ultralisk x3, Corruptor x3  
  142  15:26  Brood Lord x3  
  173  15:28  Zergling x6  
  175  15:55  Brood Lord  
  176  16:01  Overseer  
  176  16:02  Overseer x2  
  105  17:46  Mutalisk x7  
  105  17:47  Mutalisk  
  105  18:25  Hydralisk x5  
  113  18:43  Nydus Network  
  74  18:59  Hydralisk x2  
  74  19:00  Hydralisk x4  
Show
View Real Time Build Order
Export as new Build Order

Radeus Terran 

Build Orders:  

Get SALT Encoding   

  12  0:01  SCV  
  13  0:13  SCV  
  14  0:18  Supply Depot  
  14  0:25  SCV  
  15  0:40  SCV  
  15  0:41  Barracks  
  16  0:52  SCV  
  17  1:04  SCV  
  18  1:12  Refinery  
  18  1:16  SCV  
  19  1:30  Marine  
  20  1:33  Supply Depot  
  20  1:36  Orbital Command  
  20  1:47  Command Center  
  20  1:55  Reaper  
  21  2:41  Factory  
  21  2:56  Reaper  
  22  3:05  SCV  
  22  3:17  SCV, Orbital Command  
  22  3:28  Reaper  
  22  3:29  SCV  
  24  3:39  Refinery  
  26  3:41  Hellion  
  26  3:55  Starport  
  27  4:03  Hellion  
  27  4:05  Barracks  
  27  4:10  Barracks  
  27  4:11  Supply Depot  
  27  4:20  SCV  
  27  4:21  SCV  
  28  4:32  SCV  
  28  4:34  Supply Depot, SCV  
  30  4:44  SCV  
  31  4:46  Marine, SCV  
  33  4:56  Supply Depot, SCV  
  34  5:00  Starport Reactor  
  34  5:07  Starport  
  34  5:08  SCV  
  35  5:19  Barracks Reactor  
  35  5:20  Barracks Tech Lab, Barracks Reactor  
  35  5:35  Factory Tech Lab  
  35  5:38  SCV  
  35  5:39  Factory, Refinery  
  36  5:45  Starport Tech Lab  
  36  5:49  Marine  
  37  5:50  SCV  
  37  5:54  SCV  
  39  6:02  SCV  
  40  6:06  SCV  
  40  6:07  Marine  
  42  6:14  SCV  
  43  6:19  Marine x2  
  43  6:20  Marine x2  
  43  6:25  Supply Depot  
  47  6:26  SCV  
  47  6:29  Liberator, Supply Depot  
  47  6:32  SCV  
  49  6:37  Marine  
  49  6:38  SCV  
  49  6:39  Refinery  
  51  6:43  Medivac x2  
  51  6:44  SCV  
  59  6:47  Supply Depot  
  59  6:50  SCV  
  59  6:51  Supply Depot  
  60  7:02  SCV  
  60  7:04  Armory  
  61  7:12  Liberator, Armory  
  61  7:14  Supply Depot  
  61  7:18  Stimpack  
  61  7:25  Command Center  
  64  7:37  Command Center  
  64  7:41  Marine x2  
  64  7:42  Marine x3  
  69  7:59  Marine  
  69  8:04  Marine  
  69  8:05  Marine x3  
  70  8:08  Siege Tank  
  75  8:17  Marine  
  76  8:22  Marine x2  
  78  8:29  Factory Reactor  
  76  8:40  Siege Tank  
  76  8:58  SCV  
  74  9:03  Liberator x3  
  74  9:06  Widow Mine x2  
  79  9:10  SCV x2  
  79  9:12  Siege Tank  
  79  9:13  Refinery  
  83  9:22  SCV  
  93  9:25  Marine x2  
  93  9:26  Marine x3  
  98  9:35  Widow Mine x2  
  102  9:42  Orbital Command  
  102  9:44  Siege Tank, Orbital Command  
  95  10:19  Marine x2  
  95  10:20  Marine x2, Marauder  
  92  10:22  Siege Tank  
  95  10:35  Terran Vehicle And Ship Armor Level 1, Terran Vehicle Weapons Level 1  
  95  10:37  Marine x3  
  95  10:38  Marine  
  95  10:41  Marauder  
  97  10:54  Siege Tank  
  97  10:55  Marine x2  
  96  11:03  Marauder  
  74  11:24  Marauder  
  74  11:38  SCV  
  69  11:41  SCV  
  69  11:45  Marauder  
  72  11:47  Refinery  
  72  11:50  SCV  
  72  11:52  Refinery  
  72  11:53  SCV  
  74  12:02  SCV  
  74  12:05  SCV  
  76  12:17  SCV  
  76  12:19  Refinery  
  77  12:23  Starport  
  77  12:26  Starport  
  77  12:30  Starport x2  
  77  12:36  SCV  
  78  12:48  SCV  
  79  13:00  SCV  
  80  13:12  SCV  
  81  13:13  Marine x2  
  81  13:14  Marine x3  
  81  13:18  Liberator  
  86  13:25  Barracks  
  86  13:28  Barracks  
  86  13:31  Starport Reactor x2, Marine x5, Starport Tech Lab x2  
  91  13:35  Viking x2  
  98  13:48  Liberator  
  98  14:05  Viking  
  98  14:08  Command Center  
  98  14:09  Marine  
  103  14:10  Marine x4  
  103  14:14  Barracks Reactor  
  108  14:17  Liberator  
  108  14:18  Viking  
  108  14:20  Liberator x2  
  108  14:21  Liberator x4  
  108  14:23  Engineering Bay  
  110  14:27  Barracks Tech Lab, Marine x2  
  110  14:28  Marauder  
  114  14:32  Terran Vehicle Weapons Level 2, Terran Vehicle And Ship Armor Level 2, Engineering Bay  
  129  14:42  Marine  
  129  14:43  Marine  
  129  14:45  Marine x2  
  137  14:50  Supply Depot  
  139  14:52  Supply Depot  
  139  14:54  Liberator  
  139  14:55  Supply Depot  
  139  15:00  Marine  
  139  15:03  Liberator x2, Supply Depot  
  139  15:05  Liberator  
  140  15:11  Marine, Viking  
  140  15:12  Supply Depot, Marauder  
  140  15:14  Marine x5  
  148  15:16  Supply Depot  
  148  15:17  Viking  
  148  15:18  Marine  
  148  15:19  Supply Depot  
  148  15:21  Medivac  
  164  15:24  Liberator  
  164  15:27  Supply Depot  
  167  15:32  Marauder  
  167  15:33  Fusion Core, Marauder  
  167  15:35  Supply Depot  
  171  15:38  Supply Depot  
  174  15:42  Supply Depot  
  174  15:50  Supply Depot  
  174  15:53  Marauder  
  176  15:58  Supply Depot  
  176  16:15  Supply Depot  
  176  16:22  Supply Depot  
  176  16:39  Supply Depot  
  173  16:44  Supply Depot  
  146  16:47  Liberator  
  146  16:48  Liberator x2  
  109  16:55  Marine  
  109  16:56  Marine x2, Marauder, Reaper  
  114  17:02  Supply Depot  
  114  17:04  Medivac  
  114  17:05  Medivac x2, Viking x3  
  124  17:13  Marine x2  
  124  17:14  Marine  
  120  17:17  Liberator, Marauder  
  105  17:26  Supply Depot  
  105  17:27  Liberator  
  105  17:28  Marine  
  93  17:30  Liberator  
  93  17:31  Liberator, Marine x2  
  93  17:34  Medivac  
  95  17:39  Marauder  
  95  17:41  Marine  
  96  17:44  Medivac, Viking x2  
  96  17:45  Marine  
  96  17:47  Liberator  
  96  17:48  Medivac  
  96  17:49  Marine x2  
  80  17:59  Marine  
  80  18:00  Marauder  
  80  18:03  Marine  
Tags
 
Add a new tag
Caveats
  • Supply blocks, unpowered buildings, or Contaminate may cause inaccurate times.
  • Supply counts are checked every 10 seconds.